TOP OF THE 1ST |
Elmira Pioneers batting - Pitching for Lynn Sailors : LHP Manuel Pena
|
Pitching: LHP Manuel Pena
|
|
Batting: RHB Ken Dowell
|
0-0: Ball 1-0: Ball 2-0: Ball 3-0: Called Strike 3-1: Base on Balls
|
Batting: RHB Mark Wasinger
|
0-0: Ball 1-0: Called Strike 1-1: Ball 2-1: Grounds into double play, 6-4-3 (Groundball, 6S, EV 86.3 MPH)
|
Batting: RHB Richard Givens
|
0-0: Swinging Strike 0-1: Swinging Strike 0-2: Ball 1-2: Strikes out swinging
|
Top of the 1st over - 0 runs, 0 hits, 0 errors, 0 left on base; Elmira 0 - Lynn 0 |
BOTTOM OF THE 1ST |
Lynn Sailors batting - Pitching for Elmira Pioneers : LHP Ricky Wright
|
Pitching: LHP Ricky Wright
|
|
Batting: RHB Ron Wotus
|
0-0: Ball 1-0: Foul Ball, location: 2F 1-1: Ball 2-1: Swinging Strike 2-2: Foul Ball, location: 2F 2-2: Fly out, F7 (Flyball, 7LM, EV 90.0 MPH)
|
Batting: SHB Bip Roberts
|
0-0: Called Strike 0-1: Called Strike 0-2: Ground out 4-3 (Groundball, 4S, EV 83.1 MPH)
|
Batting: RHB Mike Reddish
|
0-0: Called Strike 0-1: Ball 1-1: Ball 2-1: Called Strike 2-2: Ball 3-2: Fly out, F8 (Flyball, 8RD, EV 81.9 MPH)
|
Bottom of the 1st over - 0 runs, 0 hits, 0 errors, 0 left on base; Elmira 0 - Lynn 0 |
TOP OF THE 2ND |
Elmira Pioneers batting - Pitching for Lynn Sailors : LHP Manuel Pena
|
Batting: RHB Frank LaBella
|
0-0: Called Strike 0-1: Ball 1-1: SINGLE (Groundball, 4MD, EV 96.9 MPH)
|
Batting: RHB Edwin Rodriguez
|
0-0: Foul Ball, location: 2F 0-1: Foul Ball, location: 2F 0-2: Ball 1-2: SINGLE (Groundball, 6S, EV 71.3 MPH) (infield hit) Frank LaBella to second
|
Batting: SHB Esteban Mendez
|
0-0: Fielders Choice at 2nd, 5-4 (Groundball, 5S, EV 78.1 MPH) Frank LaBella to third
|
Batting: LHB Juan Flores
|
0-0: Ball 1-0: Ball 2-0: Called Strike 2-1: Foul Ball, location: 2F 2-2: Foul Ball, location: 2F 2-2: Foul Ball, location: 2F 2-2: Strikes out swinging
|
Batting: RHB Greg Keatley
|
0-0: Called Strike 0-1: Called Strike 0-2: Ball 1-2: Ball 2-2: Strikes out swinging
|
Top of the 2nd over - 0 runs, 2 hits, 0 errors, 2 left on base; Elmira 0 - Lynn 0 |
BOTTOM OF THE 2ND |
Lynn Sailors batting - Pitching for Elmira Pioneers : LHP Ricky Wright
|
Batting: RHB Ken Gerhart
|
0-0: Ball 1-0: Ball 2-0: Called Strike 2-1: Ball 3-1: Called Strike 3-2: Foul Ball, location: 2F 3-2: Ground out 6-3 (Groundball, 6, EV 83.1 MPH)
|
Batting: RHB Ted Trevino
|
0-0: Ball 1-0: Ball 2-0: Called Strike 2-1: SOLO HOME RUN (Flyball, 78XD, EV 93.1 MPH), Distance : 403 ft
|
Batting: RHB Jorge Hinojosa
|
0-0: Swinging Strike 0-1: Foul Ball, location: 2F 0-2: Strikes out swinging
|
Batting: RHB Vinny Jaramillo
|
0-0: Ball 1-0: Foul Ball, location: 2F 1-1: SINGLE (Flyball, 5D, EV 95.0 MPH)
|
Batting: SHB Danny Gans
|
0-0: Ball 1-0: Swinging Strike 1-1: Ball 2-1: Fielders Choice at 2nd, 6-4 (Groundball, 6, EV 89.4 MPH)
|
Bottom of the 2nd over - 1 run, 2 hits, 0 errors, 1 left on base; Elmira 0 - Lynn 1 |
TOP OF THE 3RD |
Elmira Pioneers batting - Pitching for Lynn Sailors : LHP Manuel Pena
|
Batting: LHB Thad Reece
|
0-0: Ball 1-0: Ground out 6-3 (Groundball, 56, EV 90.0 MPH)
|
Batting: RHB Ken Dowell
|
0-0: Called Strike 0-1: Called Strike 0-2: Ball 1-2: SINGLE (Line Drive, 9S, EV 98.1 MPH)
|
Batting: RHB Mark Wasinger
|
0-0: Ball 1-0: Ball 2-0: Called Strike 2-1: Called Strike 2-2: Ball 3-2: Base on Balls Ken Dowell to second
|
Batting: RHB Richard Givens
|
0-0: Ball 1-0: Foul Ball, location: 2F 1-1: Foul Ball, location: 2F 1-2: Ball 2-2: Ball 3-2: Grounds into double play, 4-6-3 (Groundball, 4, EV 105.0 MPH)
|
Top of the 3rd over - 0 runs, 1 hit, 0 errors, 1 left on base; Elmira 0 - Lynn 1 |
BOTTOM OF THE 3RD |
Lynn Sailors batting - Pitching for Elmira Pioneers : LHP Ricky Wright
|
Batting: RHB Ezequiel Carrasco
|
0-0: Called Strike 0-1: Foul Ball, location: 2F 0-2: Strikes out swinging
|
Batting: RHB Ron Wotus
|
0-0: Foul Ball, location: 2F 0-1: SINGLE (Groundball, 56D, EV 100.0 MPH)
|
Batting: SHB Bip Roberts
|
0-0: Called Strike 0-1: 2-RUN HOME RUN (Flyball, 9D, EV 95.0 MPH), Distance : 390 ft
|
Batting: RHB Mike Reddish
|
0-0: Ball 1-0: Fly out, F9 (Flyball, 9S, EV 86.9 MPH)
|
Batting: RHB Ken Gerhart
|
0-0: Ball 1-0: SOLO HOME RUN (Flyball, 89XD, EV 100.6 MPH), Distance : 407 ft
|
Batting: RHB Ted Trevino
|
0-0: Ball 1-0: Ball 2-0: Ball 3-0: Called Strike 3-1: Called Strike 3-2: Foul Ball, location: 2F 3-2: Base on Balls
|
Batting: RHB Jorge Hinojosa
|
0-0: Ball 1-0: Ball 2-0: Ball 3-0: Called Strike 3-1: Called Strike 3-2: SINGLE (Line Drive, 6D, EV 97.5 MPH) Ted Trevino to second Ted Trevino to third
|
Batting: RHB Vinny Jaramillo
|
0-0: Ball 1-0: Ball 2-0: Called Strike 2-1: Ball 3-1: Called Strike 3-2: Foul Ball, location: 2F 3-2: Strikes out looking
|
Bottom of the 3rd over - 3 runs, 4 hits, 0 errors, 2 left on base; Elmira 0 - Lynn 4 |
TOP OF THE 4TH |
Elmira Pioneers batting - Pitching for Lynn Sailors : LHP Manuel Pena
|
Batting: RHB Frank LaBella
|
0-0: Called Strike 0-1: Ball 1-1: Swinging Strike 1-2: Ball 2-2: Strikes out looking
|
Batting: RHB Edwin Rodriguez
|
0-0: Swinging Strike 0-1: Foul Ball, location: 2F 0-2: Strikes out swinging
|
Batting: SHB Esteban Mendez
|
0-0: Ball 1-0: Called Strike 1-1: Ball 2-1: Ball 3-1: Foul Ball, location: 2F 3-2: Foul Ball, location: 2F 3-2: Base on Balls
|
Batting: LHB Juan Flores
|
0-0: Swinging Strike 0-1: Ball 1-1: Ball 2-1: Swinging Strike 2-2: Fly out, F8 (Flyball, 8RS, EV 87.5 MPH)
|
Top of the 4th over - 0 runs, 0 hits, 0 errors, 1 left on base; Elmira 0 - Lynn 4 |
BOTTOM OF THE 4TH |
Lynn Sailors batting - Pitching for Elmira Pioneers : LHP Ricky Wright
|
Batting: SHB Danny Gans
|
0-0: Ball 1-0: Called Strike 1-1: Swinging Strike 1-2: Ball 2-2: Foul Ball, location: 2F 2-2: Foul Ball, location: 2F 2-2: SOLO HOME RUN (Flyball, 7LD, EV 98.1 MPH), Distance : 348 ft
|
Batting: RHB Ezequiel Carrasco
|
0-0: Called Strike 0-1: Ball 1-1: Fly out, F8 (Flyball, 8LD, EV 105.0 MPH)
|
Batting: RHB Ron Wotus
|
0-0: Ball 1-0: Swinging Strike 1-1: Ball 2-1: Fly out, F9 (Flyball, 9LM, EV 91.3 MPH)
|
Batting: SHB Bip Roberts
|
0-0: DOUBLE (Line Drive, 8LXD, EV 100.0 MPH)
|
Batting: RHB Mike Reddish
|
0-0: Called Strike 0-1: Ball 1-1: 2-RUN HOME RUN (Flyball, 78XD, EV 103.1 MPH), Distance : 418 ft
|
Pitching: RHP Renie Martin
|
|
Batting: RHB Ken Gerhart
|
0-0: Called Strike 0-1: Ball 1-1: Foul Ball, location: 2F 1-2: Foul Ball, location: 2F 1-2: Ball 2-2: Strikes out swinging
|
Bottom of the 4th over - 3 runs, 3 hits, 0 errors, 0 left on base; Elmira 0 - Lynn 7 |
TOP OF THE 5TH |
Elmira Pioneers batting - Pitching for Lynn Sailors : LHP Manuel Pena
|
Batting: RHB Greg Keatley
|
0-0: Called Strike 0-1: Foul Ball, location: 2F 0-2: Ball 1-2: Strikes out swinging
|
Batting: LHB Thad Reece
|
0-0: Ground out 4-3 (Groundball, 4, EV 85.6 MPH)
|
Batting: RHB Ken Dowell
|
0-0: Fly out, F9 (Line Drive, 9, EV 90.6 MPH)
|
Top of the 5th over - 0 runs, 0 hits, 0 errors, 0 left on base; Elmira 0 - Lynn 7 |
BOTTOM OF THE 5TH |
Lynn Sailors batting - Pitching for Elmira Pioneers : RHP Renie Martin
|
Batting: RHB Ted Trevino
|
0-0: Ball 1-0: Ground out 6-3 (Groundball, 6, EV 84.4 MPH)
|
Batting: RHB Jorge Hinojosa
|
0-0: Called Strike 0-1: Ball 1-1: Fly out, F8 (Flyball, 89S, EV 88.1 MPH)
|
Batting: RHB Vinny Jaramillo
|
0-0: Foul Ball, location: 2F 0-1: Ball 1-1: Called Strike 1-2: Foul Ball, location: 2F 1-2: Ball 2-2: Ball 3-2: Foul Ball, location: 2F 3-2: Base on Balls
|
Batting: SHB Danny Gans
|
0-0: Called Strike Vinny Jaramillo steals 2nd base (no throw) 0-1: Ball 1-1: Fly out, F8 (Flyball, 8RM, EV 92.5 MPH)
|
Bottom of the 5th over - 0 runs, 0 hits, 0 errors, 1 left on base; Elmira 0 - Lynn 7 |
TOP OF THE 6TH |
Elmira Pioneers batting - Pitching for Lynn Sailors : LHP Manuel Pena
|
Batting: RHB Mark Wasinger
|
0-0: Ball 1-0: Called Strike 1-1: Ball 2-1: Ball 3-1: Foul Ball, location: 2F 3-2: Base on Balls
|
Batting: RHB Richard Givens
|
0-0: Ball Mark Wasinger steals 2nd base (no throw) 1-0: Called Strike 1-1: Fly out, F8 (Flyball, 89S, EV 91.9 MPH)
|
Batting: RHB Frank LaBella
|
0-0: Foul Ball, location: 2F 0-1: Ground out 6-3 (Groundball, 6, EV 83.1 MPH) Mark Wasinger to third
|
Batting: RHB Edwin Rodriguez
|
0-0: Ball 1-0: Ball 2-0: Called Strike 2-1: Foul Ball, location: 2F 2-2: Foul Ball, location: 2F 2-2: Ball 3-2: Base on Balls
|
Batting: SHB Esteban Mendez
|
0-0: Ball Wild Pitch! Mark Wasinger scores Edwin Rodriguez to second 1-0: Ball 2-0: Fly out, F8 (Flyball, 89XD, EV 103.8 MPH)
|
Top of the 6th over - 1 run, 0 hits, 0 errors, 1 left on base; Elmira 1 - Lynn 7 |
BOTTOM OF THE 6TH |
Lynn Sailors batting - Pitching for Elmira Pioneers : RHP Renie Martin
|
Batting: RHB Ezequiel Carrasco
|
0-0: Ball 1-0: Foul Ball, location: 2F 1-1: Foul Ball, location: 2F 1-2: Strikes out looking
|
Batting: RHB Ron Wotus
|
0-0: Ball 1-0: Fly out, F7 (Flyball, 78M, EV 83.1 MPH)
|
Batting: SHB Bip Roberts
|
0-0: Ball 1-0: Ball 2-0: Ball 3-0: Base on Balls
|
Batting: RHB Mike Reddish
|
0-0: Ball 1-0: Ball 2-0: Fly out, F8 (Flyball, 8RXD, EV 97.5 MPH)
|
Bottom of the 6th over - 0 runs, 0 hits, 0 errors, 1 left on base; Elmira 1 - Lynn 7 |
TOP OF THE 7TH |
Elmira Pioneers batting - Pitching for Lynn Sailors : LHP Manuel Pena
|
Batting: LHB Juan Flores
|
0-0: SINGLE (Flyball, 4D, EV 93.1 MPH)
|
Batting: RHB Greg Keatley
|
0-0: Foul Ball, location: 2F 0-1: Ball 1-1: Swinging Strike 1-2: Foul Ball, location: 2F 1-2: SINGLE (Line Drive, 8LS, EV 88.8 MPH) Juan Flores to second
|
Batting: LHB Thad Reece
|
0-0: Ball 1-0: Fly out, F8 (Flyball, 8RS, EV 93.8 MPH)
|
Batting: RHB Ken Dowell
|
0-0: Grounds into double play, 5-4-3 (Groundball, 56, EV 103.1 MPH)
|
Top of the 7th over - 0 runs, 2 hits, 0 errors, 1 left on base; Elmira 1 - Lynn 7 |
BOTTOM OF THE 7TH |
Lynn Sailors batting - Pitching for Elmira Pioneers : RHP Renie Martin
|
Batting: RHB Ken Gerhart
|
0-0: Ball 1-0: Ball 2-0: Ball 3-0: Called Strike 3-1: Fly out, F3 (Popup, 3F, EV 80.0 MPH)
|
Batting: RHB Ted Trevino
|
0-0: Ball 1-0: Ball 2-0: SINGLE (Groundball, 4D, EV 100.6 MPH)
|
Batting: RHB Jorge Hinojosa
|
0-0: Ball 1-0: Called Strike 1-1: Called Strike 1-2: Foul Ball, location: 2F 1-2: Grounds into double play, 5-4-3 (Groundball, 56S, EV 82.5 MPH)
|
Bottom of the 7th over - 0 runs, 1 hit, 0 errors, 0 left on base; Elmira 1 - Lynn 7 |
TOP OF THE 8TH |
Elmira Pioneers batting - Pitching for Lynn Sailors : LHP Manuel Pena
|
Batting: RHB Mark Wasinger
|
0-0: Ball 1-0: Called Strike 1-1: Ball 2-1: Foul Ball, location: 2F 2-2: Strikes out swinging
|
Pitching: RHP Larry Hrynko
|
|
Batting: RHB Richard Givens
|
0-0: Ball 1-0: Fly out, F7 (Flyball, 7, EV 88.1 MPH)
|
Batting: RHB Frank LaBella
|
0-0: Called Strike 0-1: Ball 1-1: Swinging Strike 1-2: Foul Ball, location: 2F 1-2: Foul Ball, location: 2F 1-2: Foul Ball, location: 2F 1-2: Strikes out swinging
|
Top of the 8th over - 0 runs, 0 hits, 0 errors, 0 left on base; Elmira 1 - Lynn 7 |
BOTTOM OF THE 8TH |
Lynn Sailors batting - Pitching for Elmira Pioneers : RHP Renie Martin
|
Batting: RHB Vinny Jaramillo
|
0-0: Called Strike 0-1: Ball 1-1: Swinging Strike 1-2: Ball 2-2: Fly out, F7 (Flyball, 7, EV 98.1 MPH)
|
Batting: SHB Danny Gans
|
0-0: Swinging Strike 0-1: Ball 1-1: SOLO HOME RUN (Line Drive, 89XD, EV 109.4 MPH), Distance : 423 ft
|
Batting: RHB Ezequiel Carrasco
|
0-0: Foul Ball, location: 2F 0-1: Called Strike 0-2: Fly out, F8 (Flyball, 8RD, EV 102.5 MPH)
|
Batting: RHB Ron Wotus
|
0-0: Ball 1-0: Ground out 4-3 (Groundball, 4M, EV 109.4 MPH)
|
Bottom of the 8th over - 1 run, 1 hit, 0 errors, 0 left on base; Elmira 1 - Lynn 8 |
TOP OF THE 9TH |
Elmira Pioneers batting - Pitching for Lynn Sailors : RHP Larry Hrynko
|
Batting: RHB Edwin Rodriguez
|
0-0: Called Strike 0-1: Reached on error, E5 (Groundball, 56, EV 77.5 MPH)
|
Batting: SHB Esteban Mendez
|
0-0: Foul Ball, location: 2F 0-1: Fielders Choice at 2nd, 1-6 (Groundball, 13S, EV 60.0 MPH)
|
Batting: LHB Juan Flores
|
0-0: Ball 1-0: Called Strike 1-1: Foul Ball, location: 2F 1-2: Ball 2-2: Foul Ball, location: 2F 2-2: Ball 3-2: Strikes out looking
|
Pinch Hitting: LHB Russell Cain
|
0-0: Ball 1-0: Ball 2-0: Ball 3-0: Called Strike 3-1: Base on Balls Esteban Mendez to second
|
Batting: LHB Thad Reece
|
0-0: Fly out, F8 (Flyball, 89S, EV 87.5 MPH)
|
Top of the 9th over - 0 runs, 0 hits, 1 error, 2 left on base; Elmira 1 - Lynn 8 |
|